 Dungeon Crawl Stone Soup version 0.23.2-33-g5129a83184 (webtiles) character file.

Game seed: 1252733925292441593

210 DorianNounverber the Digger (level 5, -7/30 HPs)
             Began as a Gargoyle Earth Elementalist on July 21, 2019.
             Was a Follower of Vehumet.
             Mangled by an ice beast (13 damage)
             ... on level 4 of the Dungeon.
             The game lasted 00:11:30 (4516 turns).

DorianNounverber the Digger (GrEE)                  Turns: 4516, Time: 00:11:31

Health: -7/30      AC:  6    Str: 12    XL:     5   Next: 87%
Magic:  0/9        EV: 12    Int: 16    God:    Vehumet [*.....]
Gold:   218        SH:  0    Dex:  7    Spells: 6/10 levels left

rFire    . . .     SeeInvis +   a - +0 club
rCold    . . .     Gourm    .   (no shield)
rNeg     + . .     Faith    .   c - +0 robe
rPois    ∞         Spirit   .   (no helmet)
rElec    +         Reflect  .   (no cloak)
rCorr    .         Harm     .   (no gloves)
MR       .....                  (no boots)
Stlth    ++........             (no amulet)
HPRegen  0.10/turn              h - -3 ring of dexterity (curse)
MPRegen  0.11/turn              k - ring of see invisible

@: no status effects
A: negative energy resistance 1, electricity resistance, unbreathing,
petrification resistance, rot immunity, AC +4
a: Renounce Religion


You were on level 4 of the Dungeon.
You worshipped Vehumet.
Vehumet was aware of your devotion.
You were not hungry.

You visited 2 branches of the dungeon, and saw 5 of its levels.

You collected 218 gold pieces.

Inventory:

Hand Weapons
 a - a +0 club (weapon)
Missiles
 b - 44 stones (quivered)
Armour
 c - a +0 robe (worn)
Jewellery
 h - a cursed -3 ring of dexterity (left hand)
 k - a ring of see invisible (right hand)
Wands
 j - a wand of random effects (22)
Scrolls
 e - a scroll of enchant armour {unknown}
 f - a scroll of teleportation
 l - a scroll of amnesia {unknown}
Potions
 g - a potion of curing {unknown}
 i - 2 potions of agility {unknown}
Comestibles
 d - 3 rations


   Skills:
 + Level 2.1 Fighting
 + Level 2.2 Dodging
 - Level 2.1 Stealth
 * Level 3.2 Spellcasting
 + Level 1.4 Conjurations
   Level 0.7 Transmutations
 * Level 5.1 Earth Magic
 + Level 0.5 Evocations


You had 6 spell levels left.
You knew the following spells:

 Your Spells              Type           Power        Failure   Level  Hunger
a - Sandblast             Erth           ###...       2%          1    None
b - Stone Arrow           Conj/Erth      ##....       14%         3    ###....

Your spell library contained the following spells:

 Spells                   Type           Power        Failure   Level  Hunger
 Sting                    Conj/Pois      #...         14%         1    None
 Passwall                 Tmut/Erth      ##......     9%          2    ##.....
 Petrify                  Tmut/Erth      ##......     47%         4    ####...
 Lee's Rapid Deconstruct  Erth           ###.......   52%         5    ######.


Dungeon Overview and Level Annotations

Branches:
Dungeon (4/15)             Temple (1/1) D:4

Altars:
Ashenzari
Cheibriados
Dithmenos
Elyvilon
Fedhas
Hepliaklqana
Kikubaaqudgha
Makhleb
Nemelex Xobeh
Ru
Sif Muna
Trog
Uskayaw
Vehumet
Wu Jian
Xom
Yredelemnul
The Shining One


Innate Abilities, Weirdness & Mutations

You are resistant to torment.
Your stone body is resilient. (AC +4)
You are immune to poison.
You resist negative energy. (rN+)
You are resistant to electric shocks. (rElec)
You can survive without breathing.
You are immune to petrification.
You are immune to rotting.


Message History

Confirm with . or Enter, or press ? or * to list all spells.
Aiming: Sandblast (safe; 2% risk of failure)
Press: ? - help, Shift-Dir - straight line, f/p - ice beast
Aim: an ice beast (almost dead)
The blast of sand hits the ice beast but does no damage.
The ice beast is almost dead.
b - 45 stones The ice beast barely misses you.
Casting: Sandblast (safe; 2% risk of failure)
Confirm with . or Enter, or press ? or * to list all spells.
Aiming: Sandblast (safe; 2% risk of failure)
Press: ? - help, Shift-Dir - straight line, f/p - ice beast
Aim: an ice beast (almost dead)
The blast of sand hits the ice beast.
The ice beast is almost dead.
b - 44 stones The ice beast hits you.
* * * LOW HITPOINT WARNING * * *
The ice beast freezes you!
You die...

....# .##.# ..# ....#
#.## ##..# ...#
#..############..#
##.............#..#
...###########.#[.#
#### #.#..#
##############.#@.#
...............Y..#
######..#####.###.#
..# #..# #.###.## #.#
#..# #.##.#.## #.#
#..# #.#.###.##
#.####..#####..## ##.#
..............#.###.##
#.#####.########.#.##


You could see an ice beast.

Vanquished Creatures
  A hound (D:4)
  Terence (D:2)
  A hound skeleton (D:4)
  5 adders (D:2)
  A shadow imp (D:2)
  An ooze (D:1)
  2 adder skeletons (D:4)
  A worm (D:3)
  2 dart slugs
  7 leopard geckos
  6 bats
  3 giant cockroaches (D:3)
  6 goblins
  9 hobgoblins
  6 jackals (D:3)
  A ball python (D:3)
  3 frilled lizards
  6 kobolds
  A quokka skeleton (D:4)
  7 rats
70 creatures vanquished.

Notes
Turn   | Place    | Note
-------+----------+-------------------------------------------
     0 | D:1      | DorianNounverber the Gargoyle Earth Elementalist began the
                  | quest for the Orb.
     0 | D:1      | Reached XP level 1. HP: 10/10 MP: 3/3
   575 | D:1      | Reached XP level 2. HP: 3/16 MP: 3/5
   874 | D:1      | Reached skill level 4 in Earth Magic
  1407 | D:2      | Reached skill level 1 in Fighting
  1420 | D:2      | Reached XP level 3. HP: 6/20 MP: 4/6
  1425 | D:2      | Learned a level 3 spell: Stone Arrow
  1982 | D:2      | Found a basalt altar of Yredelemnul.
  2004 | D:2      | Reached XP level 4. HP: 25/25 MP: 7/7
  2154 | D:2      | Noticed Terence
  2174 | D:2      | Killed Terence
  2558 | D:2      | Found an iron altar of Okawaru.
  2564 | D:2      | Found a white marble altar of Elyvilon.
  2564 | D:2      | Found a hide-covered altar of Uskayaw.
  2566 | D:2      | Found a deep blue altar of Sif Muna.
  2566 | D:2      | Found a burning altar of Makhleb.
  2566 | D:2      | Found a shimmering altar of Xom.
  2663 | D:2      | Reached skill level 1 in Conjurations
  2664 | D:2      | Reached XP level 5. HP: 30/30 MP: 0/9
  2863 | D:2      | Found a radiant altar of Vehumet.
  2876 | D:2      | Became a worshipper of Vehumet
  3522 | D:3      | Found a faded altar of an unknown god.
  3743 | D:3      | Reached * piety under Vehumet
  3743 | D:3      | Offered knowledge of Sting by Vehumet.
  4011 | D:4      | Noticed an ice beast
  4139 | D:4      | Reached skill level 5 in Earth Magic
  4140 | D:4      | Found a staircase to the Ecumenical Temple.
  4176 | Temple   | Entered the Ecumenical Temple
  4516 | D:4      | Mangled by an ice beast

Skill      XL: |  1  2  3  4  5 |
---------------+----------------+-----
Earth Magic    | 4 5 |  5.1
Fighting       | 1 2 |  2.1
Dodging        | 2 |  2.2
Spellcasting   | 3 |  3.2
Conjurations   | 1 |  1.4
Stealth        | |  2.1
Transmutations | |  0.7
Evocations     | |  0.5

Action                   |  1- 3 |  4- 6 || total
-------------------------+-------+-------++-------
Melee: Unarmed           |    29 |       ||    29
       Club              |    58 |   144 ||   202
 Cast: Sandblast         |    10 |    40 ||    50
       Stone Arrow       |     5 |    18 ||    23
  Use: Scroll            |       |     2 ||     2
 Stab: Sleeping          |     1 |     3 ||     4
  Eat: Chunk             |     4 |     8 ||    12
       Ration            |       |     1 ||     1
Armor: Robe              |    32 |    89 ||   121
Dodge: Dodged            |    59 |   131 ||   190
